 Dungeon Crawl Stone Soup version 0.28.0 (webtiles) character file.

Game seed: 17945292059534888411

1297 H0rd4k the Thaumaturge (level 8, -17/38 (42) HPs)
             Began as a Deep Elf Hedge Wizard on Feb 10, 2022.
             Killed from afar by an acid dragon (23 damage)
             ... with a splash of acid
             ... on level 6 of the Dungeon.
             The game lasted 00:09:57 (8271 turns).

H0rd4k the Thaumaturge (Deep Elf Hedge Wizard)      Turns: 8271, Time: 00:09:58

HP:   -17/38 (42)   AC:  2    Str:  7    XL:     8   Next: 31%
MP:   21/23         EV: 13    Int: 22    God:
Gold: 237           SH:  0    Dex: 14    Spells: 17/26 levels left

rFire   . . .      SeeInvis .   a - +0 dagger
rCold   . . .      Faith    .   (no shield)
rNeg    . . .      Spirit   .   b - +0 robe
rPois   .          Reflect  .   c - +0 hat
rElec   .          Harm     .   (no cloak)
rCorr   .          Rampage  .   (no gloves)
Will    .....                   (no boots)
Stlth   +++.......              (no amulet)
HPRegen 0.12/turn               (no ring)
MPRegen 0.18/turn               (no ring)

@: on blink cooldown, drained
A: no striking features
a: no special abilities


You were on level 6 of the Dungeon.
You visited 1 branch of the dungeon, and saw 8 of its levels.

You collected 237 gold pieces.

Inventory:

Hand Weapons
 a - a +0 dagger (weapon)
Missiles
 q - a throwing net
Armour
 b - a +0 robe (worn)
 c - a +0 hat (worn)
Wands
 s - a wand of polymorph (3)
Scrolls
 d - a scroll of immolation {unknown}
 e - a scroll of teleportation {unknown}
 f - a scroll of magic mapping {unknown}
 g - a scroll of fear {unknown}
 h - a scroll of identify {unknown}
 j - a scroll of summoning {unknown}
 k - a scroll of holy word {unknown}
 l - a scroll of noise {unknown}
 m - a scroll of brand weapon {unknown}
 o - a scroll of vulnerability {unknown}
Potions
 i - 4 potions of curing
 n - a potion of flight {unknown}
 p - a potion of mutation {unknown}
 r - a potion of haste {unknown}


   Skills:
 + Level 0.8 Fighting
 + Level 3.9 Dodging
 + Level 3.9 Stealth
 + Level 9.5 Spellcasting
 + Level 7.0 Conjurations
 + Level 1.1 Summonings
 + Level 1.1 Translocations
 * Level 0.9 Fire Magic
 * Level 0.8 Air Magic
 * Level 0.9 Poison Magic


You had 17 spell levels left.
You knew the following spells:

 Your Spells              Type           Power      Damage    Failure   Level
a - Magic Dart            Conj           100%       1d8       1%          1
b - Blink                 Tloc           30%        N/A       6%          2
c - Conjure Flame         Conj/Fire      28%        6-21      3%          3
d - Mephitic Cloud        Conj/Pois/Air  23%        N/A       6%          3

Your spell library contained the following spells:

 Spells                   Type           Power      Damage    Failure   Level
 Slow                     Hex            40%        N/A       6%          1
 Call Imp                 Summ           15%        N/A       6%          2
 Lesser Beckoning         Tloc           15%        N/A       12%         3
 Manifold Assault         Tloc           15%        N/A       73%         5


Dungeon Overview and Level Annotations

Branches:
Dungeon (8/15)
 Temple: D:4-7         Lair: D:8-11

Altars:
Ashenzari

Shops:
D:2 (   D:3 *   D:4 *

Annotations:
D:3 1 transporter, exclusion: 2 downstairs, Slaatcain's ghost, amateur MiFi
D:4 exclusion: downstairs, Eustachio; Grinder


Message History

Found a stone staircase leading up.
A centaur comes into view.
You start resting.
Magic restored.
You start resting.
A black bear is nearby!
The black bear growls angrily.
The centaur shouts!
The centaur wields a +0 shortbow.
The centaur shoots an arrow.
The arrow hits you!
Unknown command.
Found a broken altar of Ashenzari.
Unknown command.
The centaur shoots an arrow.
The arrow hits you!
* * * LOW HITPOINT WARNING * * *
There is a stone staircase leading up here.
You climb upwards.
The orc shouts! x4
The orc hits you with a +0 mace.
* * * LOW HITPOINT WARNING * * *
Found a stone staircase leading up.
There is a stone staircase leading down here.
Unknown command.
Found a stone staircase leading up.
The orc shouts!
The acid dragon roars!
The orc closely misses you.
A bullfrog skeleton comes into view.
Unknown command.
Unknown command.
You feel better. The orc hits you with a +0 mace.
* * * LOW HITPOINT WARNING * * *
The bullfrog skeleton hits you.
* * * LOW HITPOINT WARNING * * *
Unknown command.
Casting: Mephitic Cloud (dangerous; 6% risk of failure)
Confirm with . or Enter, or press ? or * to list all spells.
You blink.
The acid dragon spits acid at you. The splash of acid hits you!!
Ouch! That really hurt!
You die...

##############
#.ooD.@.......
#Z#oo.....####
#.#o......#
#.#.......#
...<........
#.#.#'#####..
..<..... ...
####+#.## ..


You could see an acid dragon (catching breath), 5 orcs and a bullfrog skeleton.

Vanquished Creatures
  5 ogres
  A centaur (D:5)
  A bullfrog (D:6)
  4 scorpions (D:5)
  A howler monkey (D:5)
  A jelly (D:4)
  2 centaur skeletons
  3 iguanas (D:5)
  Jessica (D:2)
  Natasha (D:4)
  2 orc wizards (D:5)
  A hound zombie (D:5)
  4 gnolls
  A howler monkey skeleton (D:5)
  4 adders
  An ufetubus (D:5)
  An adder skeleton (D:4)
  A worm (D:2)
  2 dart slugs (D:1)
  19 orcs
  2 bats (D:3)
  8 endoplasms
  3 giant cockroaches
  7 goblins
  7 hobgoblins
  3 kobolds
  4 quokkas
  3 ball pythons
  A frilled lizard (D:3)
  2 rats
96 creatures vanquished.

Notes
Turn   | Place    | Note
-------+----------+-------------------------------------------
     0 | D:1      | H0rd4k the Deep Elf Hedge Wizard began the quest for the
                  | Orb.
     0 | D:1      | Reached XP level 1. HP: 10/10 MP: 7/7
   332 | D:1      | Reached XP level 2. HP: 15/15 MP: 5/9
   752 | D:1      | Found a faded altar of an unknown god.
   777 | D:1      | Reached skill level 5 in Spellcasting
  1664 | D:2      | Noticed Jessica
  1672 | D:2      | Learned a level 2 spell: Blink
  1792 | D:2      | Reached XP level 3. HP: 19/19 MP: 5/11
  2100 | D:2      | Found Josa's Antique Weapon Shoppe.
  2750 | D:3      | Found a transporter.
  2751 | D:3      | Noticed Slaatcain's ghost (amateur MiFi)
  2753 | D:3      | Noticed an ogre
  2754 | D:3      | Identified the +10 giant club of Kahocuf {vorpal, *Noise
                  | rF++ Str+2 SInv}
  2754 | D:3      | Noticed an ogre
  3547 | D:3      | Reached XP level 4. HP: 24/24 MP: 9/13
  3936 | D:3      | Learned a level 3 spell: Conjure Flame
  3940 | D:3      | Learned a level 3 spell: Mephitic Cloud
  4182 | D:4      | Reached skill level 6 in Spellcasting
  4511 | D:2      | Killed Jessica
  4512 | D:2      | Reached XP level 5. HP: 28/28 MP: 9/15
  4714 | D:4      | Noticed Grinder
  5013 | D:4      | Found Nital's Assorted Antiques.
  5139 | D:4      | Noticed Natasha
  5383 | D:4      | Killed Natasha
  5455 | D:5      | Entered Level 5 of the Dungeon
  5487 | D:5      | Reached XP level 6. HP: 19/33 MP: 9/17
  5674 | D:4      | Reached skill level 7 in Spellcasting
  5756 | D:4      | Noticed Eustachio
  5850 | D:5      | Reached skill level 8 in Spellcasting
  5911 | D:5      | Reached XP level 7. HP: 34/37 MP: 8/20
  6506 | D:5      | Reached skill level 5 in Conjurations
  6808 | D:5      | Reached skill level 9 in Spellcasting
  6990 | D:5      | Reached XP level 8. HP: 18/42 MP: 13/23
  8146 | D:6      | You fall into a shaft and drop 2 floors!
  8263 | D:7      | Found a broken altar of Ashenzari.
  8271 | D:6      | Killed from afar by an acid dragon

Illustrated notes

Levels and vault maps discovered:
D:1:      dpeg_arrival_more_subterranean_lakeside_camping, layout_loops_cross,
          chequers_ecumenical_altar_lobes
D:2:      layout_loops_ring, serial_shops, nicolae_shop_trees, uniq_jessica
D:3:      minmay_door_path, layout_basic, gammafunk_ghost_smash
D:4:      layout_rooms, serial_shops, nicolae_shop_statue_plus, uniq_grinder,
          uniq_eustachio, uniq_natasha
D:5:      layout_loops_corners, hangedman_abyss_or_decor_lesser_grid,
          minmay_holes
D:6:      layout_basic
D:7:      layout_basic, overflow_temple_1_default, minmay_temple_entry_wispy
D:8:      layout_basic, lair_entry_dummy, grunt_decor_mini_mirrors

Skill      XL: |  1  2  3  4  5  6  7  8 |
---------------+-------------------------+-----
Spellcasting   | 5 6 8 9 |  9.5
Dodging        | 3 |  3.9
Conjurations   | 2 4 6 7 |  7.0
Stealth        | 3 |  3.9
Fighting       | |  0.8
Summonings     | |  1.1
Translocations | |  1.1
Fire Magic     | |  0.9
Air Magic      | |  0.8
Poison Magic   | |  0.9

Action                   |  1- 3 |  4- 6 |  7- 9 || total
-------------------------+-------+-------+-------++-------
Melee: Dagger            |       |       |     1 ||     1
 Cast: Magic Dart        |   139 |   153 |   108 ||   400
       Mephitic Cloud    |       |     1 |     1 ||     2
       Blink             |       |       |     2 ||     2
       Conjure Flame     |       |       |     1 ||     1
Evoke: Wand              |       |       |     1 ||     1
  Use: Potion            |       |       |     2 ||     2
Armor: Robe              |     2 |    11 |     3 ||    16
Dodge: Dodged            |    18 |    45 |    18 ||    81
